 Dungeon Crawl Stone Soup version 0.27.1 (webtiles) character file.

Game seed: 3468935541699132301

68341 nxtlvl the Brawler (level 14, -15/144 HPs)
             Began as a Troll Abyssal Knight on Sept 5, 2021.
             Was the Champion of Lugonu.
             Demolished by an orc knight (16 damage)
             ... while paralysed by an orc sorcerer
             ... on level 2 of the Orcish Mines.
             The game lasted 01:10:20 (7179 turns).

nxtlvl the Brawler (Troll Abyssal Knight)           Turns: 7179, Time: 01:10:21

Health: -15/144    AC:  6    Str: 29    XL:     14   Next: 86%
Magic:  20/21      EV:  1    Int: 12    God:    Lugonu [******]
Gold:   1689       SH:  0    Dex: 15    Spells: 10/13 levels left

rFire    + . .     SeeInvis .     - Unarmed
rCold    + . .     Faith    .   b - +0 kite shield
rNeg     . . .     Spirit   .   A - +0 troll leather armour
rPois    .         Reflect  +   (helmet currently unavailable)
rElec    .         Harm     .   c - scarf {rC+ rF+}
rCorr    .         Rampage  .   (gloves unavailable)
Will     +....                  (boots unavailable)
Stlth    +.........             Z - amulet of reflection
HPRegen  2.34/turn              i - +6 ring of dexterity
MPRegen  0.17/turn              X - +6 ring of strength

@: paralysed, appendages (expiring), wereblooded
A: horns 2, talons 2, large, unfitting armour, claws 3, regeneration 1, shaggy
fur 1, tough skin 1
a: End Transformation, Renounce Religion, Depart the Abyss, Bend Space, Banish,
Corrupt, Enter the Abyss, Brand Weapon With Distortion


You were on level 2 of the Orcish Mines.
You worshipped Lugonu.
Lugonu was exalted by your worship.
You had temporarily grown beastly horns and talons.
You visited 3 branches of the dungeon, and saw 20 of its levels.
You visited the Abyss 1 time.
You also visited: Ossuary.

You collected 1734 gold pieces.
You spent 45 gold pieces at shops.

Inventory:

Hand Weapons
 Y - a +1 fustibalus of flaming
Missiles
 g - 47 poisoned darts (quivered)
 j - 86 sling bullets
 G - 4 large rocks
 K - 2 curare-tipped darts
 U - 5 boomerangs of dispersal
Armour
 a - +0 acid dragon scales
 b - a +0 kite shield (worn)
 c - a scarf of resistance (worn)
 d - a +0 robe of fire resistance
 A - a +0 troll leather armour (worn)
 D - a +1 robe of willpower
Jewellery
 i - a +6 ring of dexterity (left claw)
 m - a +6 ring of dexterity
 z - an amulet of guardian spirit
 P - a ring of willpower
 Q - an amulet of faith
 X - a +6 ring of strength (right claw)
 Z - an amulet of reflection (around neck)
Wands
 e - a wand of iceblast (36)
 p - a wand of paralysis (9)
 E - a wand of polymorph (4)
 O - a wand of flame (26)
 W - a wand of charming (8)
Scrolls
 k - a scroll of holy word {unknown}
 n - 2 scrolls of silence {unknown}
 o - 2 scrolls of summoning {unknown}
 r - 3 scrolls of blinking
 u - 3 scrolls of brand weapon {unknown}
 w - 3 scrolls of fog {unknown}
 x - 5 scrolls of teleportation
 y - 2 scrolls of fear {unknown}
 C - 2 scrolls of noise {unknown}
 F - 2 scrolls of amnesia {unknown}
 H - a scroll of acquirement {unknown}
 I - 2 scrolls of vulnerability {unknown}
 J - 3 scrolls of enchant armour {unknown}
 N - 4 scrolls of enchant weapon {unknown}
 T - a scroll of immolation {unknown}
Potions
 f - 2 potions of lignification
 h - 2 potions of heal wounds {unknown}
 l - 2 potions of invisibility
 q - a potion of magic
 s - a potion of attraction
 t - 3 potions of might
 v - 3 potions of haste
 B - 3 potions of curing
 L - a potion of flight
 M - a potion of mutation
 R - a potion of brilliance {unknown}
 S - 2 potions of ambrosia {unknown}
Miscellaneous
 V - a box of beasts


   Skills:
 + Level 10.6 Fighting
 - Level 1.9 Dodging
 - Level 9.0 Shields
 + Level 16.2 Unarmed Combat
 - Level 5.0 Transmutations
 + Level 11.2 Invocations


You had 10 spell levels left.
You knew the following spells:

 Your Spells              Type           Power      Damage    Failure   Level
a - Beastly Appendage     Tmut           24%        N/A       4%          1
s - Wereblood             Tmut           12%        N/A       7%          2

Your spell library contained the following spells:

 Spells                   Type           Power      Damage    Failure   Level
 Animate Skeleton         Necr           0%         N/A       36%         1
 Apportation              Tloc           0%         N/A       36%         1
 Corona                   Hex            0%         N/A       36%         1
 Summon Small Mammal      Summ           0%         N/A       36%         1
 Spider Form              Tmut/Pois      3%         N/A       36%         3
 Ignite Poison            Fire/Tmut/Pois 3%         N/A       50%         3
 Conjure Flame            Conj/Fire      0%         6-21      73%         3
 Portal Projectile        Hex/Tloc       0%         N/A       73%         3
 Blade Hands              Tmut           6%         N/A       78%         5
 Sticky Flame             Conj/Fire      0%         2d3       98%         4
 Excruciating Wounds      Necr           0%         N/A       100%        5
 Fireball                 Conj/Fire      0%         3d3       100%        5
 Starburst                Conj/Fire      0%         6d3       100%        6
 Ignition                 Fire           0%         3d3       100%        8


Dungeon Overview and Level Annotations

Branches:
Dungeon (12/15)            Temple (0/1) D:5            Lair (6/6) D:11
 Shoals (0/4) Lair:4       Spider (0/4) Lair:4        Slime (0/5) Lair:6
    Orc (2/2) D:10        Ossuary (visited)
    Elf: Orc:2

Altars:
Dithmenos
Gozag
Hepliaklqana
Wu Jian
Xom
Yredelemnul
Beogh

Shops:
Orc:2 ?

Annotations:
Abyss:1 Saint Roka


Innate Abilities, Weirdness & Mutations

You have temporarily grown beastly horns and talons.
You are too large for most types of armour.
You have claws for hands.
Your natural rate of healing is unusually fast.
You are covered in fur. (AC +1)
You have tough skin. (AC +1)


Message History

You block the orc knight's attack.
The orc sorcerer shouts!
You block the orc knight's attack.
There is an open door, spattered with blood here.
Items here: ))) [.
You mangle the orc knight!!
You claw the orc knight, but do no damage.
You headbutt the orc knight!
The orc knight is severely wounded.
You scratch the orc knight.
You claw the orc knight, but do no damage.
The orc knight is severely wounded.
The orc sorcerer points at you and mumbles some strange words.
You suddenly lose the ability to move!
The orc knight hits you with a +0 halberd.
The orc knight hits you with a +0 halberd!
Your transformation is almost over.
The orc sorcerer hits you with a +0 dagger!
The orc knight hits you with a +0 halberd!!
The orc sorcerer hits you with a +0 dagger.
The orc knight hits you with a +0 halberd!
The orc sorcerer hits you with a +0 dagger.
The orc knight hits you with a +0 halberd!
The orc sorcerer mumbles some strange words.
The orc knight hits you with a +0 halberd!!
The sixfirhy hits you. The sixfirhy shocks you!
* * * LOW HITPOINT WARNING * * *
The orc sorcerer casts a spell.
The orc knight hits you with a +0 halberd!
* * * LOW HITPOINT WARNING * * *
The sixfirhy hits you but does no damage.
The sixfirhy hits you!
* * * LOW HITPOINT WARNING * * *
The sixfirhy shocks you!
* * * LOW HITPOINT WARNING * * *
The sixfirhy hits you but does no damage. x2
The orc sorcerer hits you with a +0 dagger.
* * * LOW HITPOINT WARNING * * *
The orc knight hits you with a +0 halberd!
You die...

#.###'########........##
#.....# #......###
+.._..# #....####
#.....# #.####
###'#######. #......##
######'# #.# #@# #4oo3.#
#....$# #.....# ##...##
#...# ##$## #.#


You could see an orc knight, an orange demon (summoned), a sixfirhy (summoned)
and an orc sorcerer (strong).

Vanquished Creatures
  2 orc warlords (Orc:2)
  Josephine (Lair:5)
  A boulder beetle (Lair:6)
  Erolcha (Orc:2)
  A centaur warrior (D:10)
  7 death yaks
  Nergalle (Lair:3)
  Pikel (D:6)
  An orc knight (Orc:2)
  A cyclops (D:11)
  A manticore (D:12)
  8 black mambas
  A guardian serpent (Lair:6)
  12 elephants
  13 cane toads
  3 rime drakes
  2 kobold demonologists (D:11)
  7 komodo dragons
  10 polar bears (Lair:6)
  A troll (D:10)
  2 hornets (Lair:6)
  6 dream sheep (Lair:6)
  A snapping turtle (Lair:4)
  15 blink frogs
  3 slime creatures
  7 raiju (Lair:6)
  3 shadows
  3 redbacks (Lair:6)
  14 wyverns
  3 basilisks
  39 yaks
  4 wraiths
  Menkaure (D:6)
  6 wargs
  2 acid dragons
  19 water moccasins
  10 hell hounds (Lair:6)
  28 orc warriors
  12 black bears
  3 necrophages (D:6)
  9 ogres
  22 wolves
  2 centaurs
  A lemure (D:6)
  3 kobold brigands (D:11)
  Blork the orc (D:6)
  9 bullfrogs
  A gnoll sergeant (D:9)
  A wyvern skeleton (D:5)
  12 killer bees
  8 wights
  2 electric eels (Lair:4)
  7 howler monkeys
  3 centaur zombies
  14 orc priests
  3 jellies
  Ijyb (D:3)
  3 iguanas (D:5)
  21 orc wizards
  A hound zombie (D:5)
  5 mummies (Ossuary)
  A howler monkey zombie (D:9)
  An adder (D:5)
  6 gnolls
  A shadow imp (D:5)
  2 worms
  2 dart slugs
  83 orcs
  2 bats
  2 endoplasms
  A giant cockroach (D:4)
  A goblin (D:1)
  3 hobgoblins (D:3)
  A quokka (D:3)
  3 ball pythons
  A frilled lizard (D:3)
  5 hobgoblin zombies (Ossuary)
  3 kobolds
  4 rats
507 creatures vanquished.

Vanquished Creatures (others)
  37 fungi
  98 plants
135 creatures vanquished.

Grand Total: 642 creatures vanquished

Notes
Turn   | Place    | Note
-------+----------+-------------------------------------------
     0 | Abyss:1  | nxtlvl the Troll Abyssal Knight began the quest for the
                  | Orb.
     0 | Abyss:1  | Reached XP level 1. HP: 22/22 MP: 1/1
     6 | D:1      | Escaped the Abyss
   258 | D:2      | Reached XP level 2. HP: 28/29 MP: 2/2
   344 | D:1      | Reached skill level 3 in Unarmed Combat
   409 | D:3      | Noticed Ijyb
   421 | D:3      | Killed Ijyb
   422 | D:3      | Reached skill level 4 in Unarmed Combat
   422 | D:3      | Reached XP level 3. HP: 22/36 MP: 3/3
   463 | D:3      | Reached ** piety under Lugonu
   572 | D:4      | Found a shadowy altar of Dithmenos.
   608 | D:4      | Found an opulent altar of Gozag.
   611 | D:5      | Entered Level 5 of the Dungeon
   620 | D:5      | Reached XP level 4. HP: 33/44 MP: 2/4
   640 | D:5      | Reached skill level 5 in Unarmed Combat
   699 | D:5      | Reached XP level 5. HP: 40/50 MP: 3/5
   720 | D:5      | Noticed a black bear
   728 | D:5      | Killed a black bear
   729 | D:5      | Reached skill level 6 in Unarmed Combat
   761 | D:5      | Reached XP level 6. HP: 58/59 MP: 6/6
   793 | D:5      | Found a staircase to the Ecumenical Temple.
   986 | D:5      | Reached skill level 7 in Unarmed Combat
  1094 | D:5      | Found a sand-covered staircase.
  1100 | Ossuary  | Entered an ossuary
  1113 | Ossuary  | Reached XP level 7. HP: 36/66 MP: 2/7
  1192 | Ossuary  | Reached skill level 5 in Fighting
  1192 | Ossuary  | Reached skill level 11 in Unarmed Combat
  1192 | Ossuary  | Reached skill level 5 in Invocations
  1192 | Ossuary  | Reached XP level 8. HP: 83/83 MP: 7/11
  1272 | D:6      | Reached *** piety under Lugonu
  1273 | D:6      | Reached skill level 12 in Unarmed Combat
  1382 | D:6      | Noticed Blork the orc
  1391 | D:6      | Killed Blork the orc
  1406 | D:6      | Noticed Menkaure
  1421 | D:6      | Killed Menkaure
  1422 | D:6      | Reached XP level 9. HP: 35/89 MP: 4/12
  1487 | D:6      | Noticed Pikel
  1516 | D:6      | Killed Pikel
  1615 | D:7      | Reached skill level 13 in Unarmed Combat
  1629 | D:7      | You fall into a shaft and drop 2 floors!
  1629 | D:9      | Found a basalt altar of Yredelemnul.
  1750 | D:9      | Reached **** piety under Lugonu
  1764 | D:10     | Entered Level 10 of the Dungeon
  1812 | D:10     | Found a staircase to the Orcish Mines.
  1884 | D:8      | Found an ornate altar of the Wu Jian Council.
  2100 | D:9      | Reached skill level 1 in Shields
  2193 | D:10     | Reached XP level 10. HP: 98/98 MP: 13/13
  2600 | D:10     | Noticed a centaur warrior
  2621 | D:10     | Killed a centaur warrior
  2714 | D:11     | Noticed a death yak
  2772 | D:11     | Noticed a cyclops
  2777 | D:11     | Killed a cyclops
  2865 | D:12     | Noticed a manticore
  2873 | D:12     | Noticed a skeletal warrior
  2874 | D:12     | Killed a manticore
  2875 | D:12     | Noticed a skeletal warrior
  2876 | D:12     | Noticed a skeletal warrior
  2877 | D:12     | Noticed a death knight
  2898 | D:11     | Reached ***** piety under Lugonu
  2982 | D:12     | Found a shimmering altar of Xom.
  2982 | D:12     | Found a shimmering altar of Xom.
  2983 | D:12     | Found a shimmering altar of Xom.
  2983 | D:12     | Found a shimmering altar of Xom.
  3016 | D:11     | Reached XP level 11. HP: 65/107 MP: 15/15
  3060 | D:11     | Found a staircase to the Lair.
  3090 | D:11     | Noticed a death yak
  3105 | D:11     | Noticed a death yak
  3244 | D:11     | Killed a death yak
  3248 | D:11     | Killed a death yak
  3249 | D:11     | Reached skill level 5 in Shields
  3250 | D:11     | Killed a death yak
  3251 | D:11     | Reached skill level 14 in Unarmed Combat
  3277 | Lair:1   | Entered Level 1 of the Lair of Beasts
  3613 | Lair:2   | Found an ornate altar of the Wu Jian Council.
  3691 | Lair:3   | Noticed Nergalle
  3715 | Lair:3   | Killed Nergalle
  3716 | Lair:3   | Reached XP level 12. HP: 117/118 MP: 16/16
  3824 | Lair:3   | Noticed a seven-headed hydra
  3829 | Lair:3   | Banished a seven-headed hydra
  4109 | Lair:4   | Found a staircase to the Shoals.
  4150 | Lair:4   | Noticed a six-headed hydra
  4151 | Lair:4   | Banished a six-headed hydra
  4198 | Lair:5   | Noticed Josephine
  4259 | Lair:4   | Found a hole to the Spider Nest.
  4416 | Lair:5   | Killed Josephine
  4431 | Lair:5   | Learned a level 1 spell: Beastly Appendage
  4434 | Lair:5   | Learned a level 2 spell: Wereblood
  4532 | Lair:6   | Entered Level 6 of the Lair of Beasts
  4532 | Lair:6   | Noticed a death yak
  4532 | Lair:6   | Noticed a death yak
  4534 | Lair:6   | Noticed a death yak
  4599 | Lair:5   | Reached skill level 1 in Transmutations
  4614 | Lair:5   | Reached XP level 13. HP: 125/128 MP: 18/18
  4856 | Lair:6   | Found a staircase to the Slime Pits.
  4947 | Lair:6   | Reached skill level 15 in Unarmed Combat
  5193 | Lair:6   | Reached ****** piety under Lugonu
  5417 | Lair:6   | Reached skill level 10 in Invocations
  5568 | Lair:6   | Reached XP level 14. HP: 140/140 MP: 20/20
  6019 | Lair:6   | Reached skill level 10 in Fighting
  6211 | Lair:1   | You fall into a shaft and drop 1 floor!
  6259 | Lair:1   | Found a hazy altar of Hepliaklqana.
  6275 | Lair:1   | Reached skill level 5 in Transmutations
  6365 | Orc:1    | Entered Level 1 of the Orcish Mines
  6368 | Orc:2    | Entered Level 2 of the Orcish Mines
  6524 | Orc:2    | Noticed Erolcha
  6711 | Orc:2    | Killed Erolcha
  6730 | Orc:2    | Noticed Saint Roka
  6738 | Orc:2    | Banished Saint Roka
  6739 | Orc:2    | Reached skill level 16 in Unarmed Combat
  6842 | Orc:2    | Noticed an orc warlord
  6846 | Orc:2    | Killed an orc warlord
  7099 | Orc:2    | Found Aluodem's Magic Scroll Emporium.
  7113 | Orc:2    | Bought a scroll of teleportation for 45 gold pieces
  7121 | Orc:2    | Noticed an orc warlord
  7136 | Orc:2    | Killed an orc warlord
  7172 | Orc:2    | Paralysed by an orc sorcerer for 7 turns
  7179 | Orc:2    | HP: 3/144 [sixfirhy[an orc sorcerer] (11)]
  7179 | Orc:2    | HP: 1/144 [orc sorcerer (2)]
  7179 | Orc:2    | Demolished by an orc knight

Illustrated notes

Levels and vault maps discovered:
D:1:      roderic_dead_forest, layout_basic, st_stairs_14
D:2:      layout_loops_corners, serial_aquarium, aquarium_bridge_square
          [aquarium_subvault_wall, aquarium_subvault_window,
          aquarium_subvault_window, aquarium_subvault_bridge],
          aquarium_window_fake, aquarium_window_corner, aquarium_view_2e,
          aquarium_view_2c, shapermc_ecumenical_altar_petra
D:3:      layout_loops_ring, lemuel_coloured_pillars_altar,
          guppyfry_early_lair_pool, uniq_ijyb
D:4:      layout_cave_pools, mainiacjoe_overflow_catwalk,
          mainiacjoe_overflow_tiny_flanked, minmay_snake_closets
D:5:      layout_layer_cave, minmay_temple_entry_junction,
          nicolae_ossuary_entry_plus
D:6:      layout_loops_ring, serial_shops, shop, nicolae_sextant, uniq_pikel,
          uniq_blork_the_orc, uniq_menkaure
D:7:      hangedman_cross_stitches, layout_loops_ring,
          mainiacjoe_overflow_concentric_impassable, serial_bayou_lagoon_a,
          st_stairs_6, minmay_curled_crystal, nrook_uturn,
          uniq_crazy_yiuf_cottage
D:8:      layout_layer_cave, general_overflow_altar, serial_shops,
          nicolae_shop_window_shopping
D:9:      layout_loops_ring, kennysheep_little_box,
          chequers_serial_rivers_small_3
D:10:     layout_irregular_city, nicolae_sif_muna_little_library,
          minmay_orc_entry_temple_small, serial_rivers,
          chequers_serial_rivers_room_b, chequers_serial_rivers_large_a,
          chequers_serial_rivers_micro_e, chequers_serial_rivers_large_b,
          chequers_serial_rivers_small_3
D:11:     layout_small_grid, dpeg_lair_monsters
D:12:     layout_cave_pools, serial_shops, shop, xom_shifter_show
Lair:1:   layout_misc_corridors, basic_altar, st_stairs_8, serial_bayou_shore_b
Lair:2:   layout_big_grid, basic_altar, minmay_lair_oklob_bushes
Lair:3:   layout_roguey, uniq_nergalle
Lair:4:   layout_cave_shapes, minmay_shoals_entry_hut,
          nicolae_spider_entry_orb_guardian, minivault_24
Lair:5:   layout_regular_city, beast_lair_carwin_9, grunt_megastairs_5,
          uniq_josephine
Lair:6:   hangedman_lair_caniforms_friends, layout_regular_city,
          hangedman_lair_tendril_chambers, minmay_slime_entry_pillars
Orc:1:    layout_caves
Orc:2:    pubby_orc_utopia, uniq_saint_roka, uniq_erolcha

Skill      XL: |  1  2  3  4  5  6  7  8  9 10 11 12 13 14 |
---------------+-------------------------------------------+-----
Unarmed Combat | 4 5 6 7 11 12 13 14 15 16 | 16.2
Fighting       | 5 6 7 8 9 10 | 10.6
Invocations    | 5 6 7 8 10 11 | 11.2
Shields        | 1 4 6 8 9 |  9.0
Transmutations | 1 4 5 |  5.0
Dodging        | |  1.9

Action                   |  1- 3 |  4- 6 |  7- 9 | 10-12 | 13-15 || total
-------------------------+-------+-------+-------+-------+-------++-------
Melee: Unarmed           |    81 |    84 |   187 |   480 |   745 ||  1577
       Punch             |       |     4 |     6 |       |       ||    10
       Kick              |       |       |       |       |    44 ||    44
       Headbutt          |       |       |       |       |    33 ||    33
 Cast: Beastly Appendage |       |       |       |       |    17 ||    17
       Wereblood         |       |       |       |       |    13 ||    13
Invok: Banish            |       |       |       |     5 |    15 ||    20
Evoke: Wand              |       |       |       |     2 |       ||     2
  Use: Scroll            |       |       |     7 |     5 |     3 ||    15
       Potion            |       |       |     1 |       |     2 ||     3
 Stab: Sleeping          |     1 |       |       |       |       ||     1
Armor: Robe              |    19 |    10 |    21 |     6 |       ||    56
       Troll leather arm |       |       |       |    48 |   100 ||   148
       Acid dragon scale |       |       |       |     1 |       ||     1
       Skin              |       |       |       |       |     6 ||     6
Dodge: Dodged            |    40 |    36 |    37 |    77 |   159 ||   349
Block: Kite shield       |       |       |    29 |   281 |   460 ||   770
       Reflection        |       |       |       |     9 |     4 ||    13
